 Dungeon Crawl Stone Soup version 0.28.0 (webtiles) character file.

Game seed: 10430138629325584821

838 Strat the Chopper (level 7, -3/67 HPs)
             Began as a Deep Dwarf Fighter on Feb 9, 2022.
             Slain by an ice beast (5 damage)
             ... on level 5 of the Dungeon.
             The game lasted 00:08:40 (2881 turns).

Strat the Chopper (Deep Dwarf Fighter)              Turns: 2881, Time: 00:08:41

Health: -3/67      AC:  8    Str: 21    XL:     7   Next: 67%
Magic:  2/2        EV:  9    Int: 15    God:
Gold:   187        SH:  4    Dex: 12    Spells: 6/6 levels left

rFire   . . .      SeeInvis .   a - +0 war axe
rCold   + . .      Faith    .   c - +0 buckler
rNeg    . . .      Spirit   .   b - +1 scale mail
rPois   .          Reflect  .   (no helmet)
rElec   .          Harm     .   (no cloak)
rCorr   .          Rampage  .   (no gloves)
Will    +....                   (no boots)
Stlth   ..........              (no amulet)
HPRegen 0.00/turn               h - ring of protection from cold
MPRegen 0.08/turn               r - +6 ring of intelligence

@: no status effects
A: damage resistance, heal wounds, sense surroundings 1, no regeneration
a: Heal Wounds


You were on level 5 of the Dungeon.
You visited 2 branches of the dungeon, and saw 6 of its levels.

You collected 187 gold pieces.

Inventory:

Hand Weapons
 a - a +0 war axe (weapon)
 o - a +2 flail of protection
Missiles
 i - 49 stones
 l - 4 poisoned darts
Armour
 b - a +1 scale mail (worn)
 c - a +0 buckler (worn)
Jewellery
 h - a ring of protection from cold (left hand)
 m - an amulet of guardian spirit
 r - a +6 ring of intelligence (right hand)
Wands
 n - a wand of polymorph (17)
Scrolls
 f - a scroll of teleportation
 j - a scroll of identify
Potions
 d - a potion of might
 e - 2 potions of mutation
 g - 2 potions of flight {unknown}
 k - 2 potions of magic {unknown}
 p - 2 potions of curing
 q - a potion of cancellation
 s - a potion of brilliance {unknown}


   Skills:
 - Level 5.0 Fighting
 + Level 7.4 Axes
 - Level 5.0 Armour
 - Level 3.2 Shields


You had 6 spell levels left.
You didn't know any spells.
Your spell library contained the following spells:

 Spells                   Type           Power      Damage    Failure   Level
 Beastly Appendage        Tmut           0%         N/A       67%         1
 Sublimation of Blood     Necr           0%         N/A       80%         2
 Wereblood                Tmut           0%         N/A       80%         2
 Spider Form              Tmut/Pois      0%         N/A       95%         3
 Summon Hydra             Summ           0%         N/A       100%        7


Dungeon Overview and Level Annotations

Branches:
Dungeon (5/15)             Temple (1/1) D:5

Altars:
Ashenzari
Cheibriados
Dithmenos
Elyvilon
Fedhas
Gozag
Kikubaaqudgha
Nemelex Xobeh
Qazlal
Ru
Sif Muna
Trog
Uskayaw
Vehumet
Wu Jian
Xom
Yredelemnul
Zin
The Shining One

Annotations:
D:4 Dowan, Duvessa
D:5 1 runed translucent door, rrix's ghost, novice DrCj


Innate Abilities, Weirdness & Mutations

You are resistant to damage.
You can heal yourself by infusing magical energy.
You passively map a small area around you.
You do not regenerate.


Message History

You fail to use your ability.
The ice beast hits you.
* * * LOW HITPOINT WARNING * * *
The ice beast freezes you. You resist.
An orc wizard comes into view. It is wielding a +0 dagger.
The orc warrior barely misses you.
You barely miss the ice beast. The ice beast barely misses you.
The orc warrior hits you from afar with a +0 trident of protection!
* * * LOW HITPOINT WARNING * * *
The ice beast hits you but does no damage.
You hit the ice beast.
The ice beast is lightly wounded.
The orc warrior closely misses you. You block the ice beast's attack.
You closely miss the ice beast.
The ice beast is lightly wounded.
The orc warrior hits you but does no damage.
The ice beast hits you.
* * * LOW HITPOINT WARNING * * *
The ice beast freezes you. You resist.
* * * LOW HITPOINT WARNING * * *
Found a stone staircase leading down.
You fail to use your ability.
The ice beast hits you but does no damage.
You fail to use your ability.
The ice beast misses you.
You barely miss the ice beast.
The ice beast is lightly wounded.
You block the ice beast's attack.
You slash the ice beast!
The ice beast is moderately wounded.
The ice beast closely misses you. The orc warrior completely misses you.
You hit the ice beast.
The ice beast is heavily wounded.
You block the ice beast's attack. The orc warrior completely misses you.
You hit the ice beast.
The ice beast is heavily wounded.
The ice beast hits you but does no damage.
The orc warrior hits you from afar with a +0 trident of protection.
You slash the ice beast!
The ice beast is almost dead.
The ice beast hits you. The ice beast freezes you! You resist.
You die...

,,,,,*,,#≈≈≈≈#.## #.#.#######**
,,,,,,,,#§_.≈#..# #....##
,,,**,,,#≈⌠>≈#..# ##.###.##
,,,,,,,,#≈≈≈≈#..###o## ##.##
,****,,,######..o...# #..# **
*,*,........o##.## ##..#
*****,**#.######o###.###...######
.,,,,,,,,,* ####Y........#.......
##***,******#...@).....#...######
.# *,*****#.#.#<.##...###.# .#
*,,,,**,*##...##...# #.#
.####***,*,** ##.)##.>.###.#
....# *,,*#***##...Z......#####
...)#####..#,,,*...##..#.......#
....)....#,,,,,,##.##..#.8.8.8.#
.######.##*,,,,,,.........⌠.⌠..#
.# *,## **,,,***,*#....8.>.8.##


You could see an orc warrior, an ice beast, an orc wizard and an orc.

Vanquished Creatures
  A water moccasin (D:3)
  A sky beast (D:5)
  A necrophage (D:4)
  Blork the orc (D:4)
  A wyvern zombie (D:5)
  A killer bee (D:4)
  2 hounds
  An iguana (D:3)
  2 orc wizards (D:5)
  A hound zombie (D:5)
  A hound skeleton (D:4)
  11 adders
  A worm (D:3)
  4 dart slugs
  18 orcs
  3 ball pythons
  3 bats
  4 goblins
  5 hobgoblins
  5 jackals
  2 quokkas
  6 frilled lizards
  3 kobolds
  3 rats
81 creatures vanquished.

Vanquished Creatures (collateral kills)
  An iguana (D:4)
  A jackal (D:4)
2 creatures vanquished.

Vanquished Creatures (others)
  3 fungi (D:4)
3 creatures vanquished.

Grand Total: 86 creatures vanquished

Notes
Turn   | Place    | Note
-------+----------+-------------------------------------------
     0 | D:1      | Strat the Deep Dwarf Fighter began the quest for the Orb.
     0 | D:1      | Reached XP level 1. HP: 20/20 MP: 1/1
   155 | D:1      | Reached skill level 3 in Axes
   155 | D:1      | Reached XP level 2. HP: 18/27 MP: 2/2
   314 | D:1      | Found a faded altar of an unknown god.
   606 | D:2      | Reached XP level 3. HP: 14/33 MP: 3/3
   706 | D:2      | Reached skill level 4 in Axes
  1105 | D:2      | Reached XP level 4. HP: 15/40 MP: 4/4
  1182 | D:3      | Reached skill level 5 in Axes
  1188 | D:3      | HP: 2/40 [orc (5)]
  1348 | D:3      | Noticed a water moccasin
  1358 | D:3      | Killed a water moccasin
  1359 | D:3      | Reached XP level 5. HP: 32/49 MP: 3/3
  1420 | D:3      | Reached XP level 6. HP: 30/56 MP: 4/4
  1739 | D:4      | Reached skill level 6 in Axes
  1826 | D:4      | Noticed Duvessa
  2033 | D:4      | Noticed Blork the orc
  2054 | D:4      | Killed Blork the orc
  2055 | D:4      | Reached skill level 5 in Armour
  2055 | D:4      | Reached XP level 7. HP: 44/64 MP: 2/2
  2257 | D:4      | Noticed Dowan
  2330 | D:5      | Entered Level 5 of the Dungeon
  2393 | D:5      | Found a runed translucent door.
  2394 | D:5      | Noticed rrix's ghost (novice DrCj)
  2468 | D:5      | Found a staircase to the Ecumenical Temple.
  2477 | Temple   | Entered the Ecumenical Temple
  2793 | D:5      | Reached skill level 7 in Axes
  2799 | D:5      | Reached skill level 5 in Fighting
  2830 | D:5      | Found a shimmering blue altar of Sif Muna.
  2852 | D:5      | HP: 2/67 [ice beast (3)]
  2881 | D:5      | Slain by an ice beast

Illustrated notes

Levels and vault maps discovered:
D:1:      minmay_arrival_doors, layout_basic, serial_rivers,
          chequers_serial_rivers_micro_a, chequers_serial_rivers_large_b,
          chequers_serial_rivers_micro_d, chequers_serial_rivers_micro_c,
          chequers_serial_rivers_room_a, chequers_serial_rivers_small_a,
          hellmonk_ecumenical_altar_lost_god
D:2:      layout_basic
D:3:      layout_basic
D:4:      layout_loops_ring, serial_aquarium, aquarium_bridge_straight
          [aquarium_subvault_bridge, aquarium_subvault_wall,
          aquarium_subvault_bridge, aquarium_subvault_wall],
          aquarium_window_fake, aquarium_window_fake, aquarium_window_1,
          aquarium_window_corridor_3, aquarium_view_2b, uniq_blork_the_orc,
          uniq_duvessa
D:5:      layout_loops_ring, general_overflow_altar,
          minmay_temple_entry_statues_fountains, hellmonk_ghost_happy_afterlife,
          kennysheep_big_empty_room, corexii_item_surrounded_by_moat
Temple:   hc_temple_tempest_star

Skill      XL: |  1  2  3  4  5  6  7 |
---------------+----------------------+-----
Axes           | 3 4 5 6 7 |  7.4
Fighting       | 3 4 5 |  5.0
Armour         | 4 5 |  5.0
Shields        | |  3.2

Action                   |  1- 3 |  4- 6 |  7- 9 || total
-------------------------+-------+-------+-------++-------
Melee: War axe           |    55 |   145 |    56 ||   256
 Abil: Heal Wounds       |       |     7 |     1 ||     8
Evoke: Wand              |       |     1 |     1 ||     2
  Use: Scroll            |       |     5 |     4 ||     9
Armor: Scale mail        |    24 |    44 |    29 ||    97
Dodge: Dodged            |    22 |    65 |    27 ||   114
Block: Buckler           |    11 |    37 |    12 ||    60
